[Event "Mongolian Championship Women 2022"]
[Site "Chingis Khentii"]
[Date "2022.05.22"]
[Round "10.1"]
[White "Mungunzul, Bat-Erdene"]
[Black "Altantuya, Boldbaatar"]
[Result "1-0"]
[ECO "E32"]
[WhiteElo "2091"]
[BlackElo "2263"]
[Annotator "TA"]
[PlyCount "87"]
[EventDate "2022.05.12"]
[EventType "tourn"]
[EventCountry "MGL"]
[SourceTitle "playchess.com"]
[Source "ChessBase"]
[SourceQuality "1"]
[TimeControl "40/5400+30:1800+30"]

1. d4 Nf6 2. c4 e6 3. Nc3 Bb4 4. Qc2 O-O 5. Bg5 h6 6. Bh4 d6 7. Nf3 Bxc3+ {[%emt 0:01:56] E32: Nimzo-Indian: Classical (4 Qc2): 4...0-0.} 8. Qxc3 b6 9. e3 Bb7 {[%emt 0:00:27] The position is equal.} 10. Be2 Nbd7 11. O-O g5 12. Bg3 Ne4 {[%emt 0:00:11] [#]} 13. Qc1 $146 ({Predecessor:} 13. Qc2 f5 14. Nd2 Nxg3 15. hxg3 g4 16. e4 Qg5 17. d5 f4 18. dxe6 Ne5 19. gxf4 Rxf4 {0-1 (87) Kretov,E (2263)-Karjakin,S (2777) Moscow 2014}) 13... f5 14. Nd2 Ndf6 15. Nxe4 Nxe4 16. f3 Nxg3 17. hxg3 Qe7 18. Qc3 Rad8 19. b4 c5 20. a3 Qc7 21. Rac1 a5 22. bxa5 bxa5 23. Kf2 Kh7 24. Rh1 e5 25. dxe5 dxe5 26. Rb1 Ba6 {[%emt 0:05:08] Prevents Rb5.} (26... Bc6 $11 {keeps the balance.}) 27. g4 (27. Rh5 $16) 27... Kg7 ({Black should try} 27... Bc8 $1 $14) 28. gxf5 $16 Rxf5 29. Bd3 Rf6 30. Be4 {[%emt 0:00:18] Prevents Bb7.} g4 $2 {[%emt 0:01:14] This move loses the game for Black.} (30... Bc8 $16 31. g4 Kh8) 31. Rh4 $18 gxf3 32. gxf3 {[%emt 0:00:05] Chess con chili.} Qd6 {[%emt 0:00:23] [#]} 33. Rg1+ $1 (33. Qxa5 Bxc4 34. Rh5 Re6 $16) 33... Kh8 34. Bd5 ({Not} 34. Qxa5 Bxc4 35. Rh5 Bb3 $14) 34... Qc7 $2 (34... Bc8 35. f4 (35. Qxa5 Rdf8 $16) 35... Re8) 35. Rhg4 {[%emt 0:00:44] Rg8+ would kill now.} Qe7 (35... Bc8 $142 36. Rg7 Qxg7) 36. Qc2 (36. Qd3 $142 Qf8 37. Qe4) 36... e4 37. Rxe4 {[%emt 0:00:32] White mates.} Qd6 38. Reg4 Rff8 39. Qc3+ Rf6 40. Rg8+ Rxg8 41. Rxg8+ Kh7 42. Qd3+ Rg6 43. Rxg6 Qxg6 44. Be4 {[%emt 0:00:03] Weighted Error Value: White=0.06 (flawless) /Black=0.47} 1-0

[Event "Mongolian Championship Women 2022"]
[Site "Chingis Khentii"]
[Date "2022.05.22"]
[Round "10.2"]
[White "Munguntuul, Batkhuyag"]
[Black "Munkhzul, Davaakhuu"]
[Result "1-0"]
[ECO "C86"]
[WhiteElo "2443"]
[BlackElo "1991"]
[Annotator "TA"]
[PlyCount "79"]
[EventDate "2022.05.12"]
[EventType "tourn"]
[EventCountry "MGL"]
[SourceTitle "playchess.com"]
[Source "ChessBase"]
[SourceQuality "1"]
[TimeControl "40/5400+30:1800+30"]

1. e4 e5 2. Nf3 Nc6 3. Bb5 a6 4. Ba4 Nf6 5. Qe2 Be7 6. c3 b5 7. Bb3 O-O {[%emt 0:00:32] 7...0-0 scores better than 7...d6.} 8. O-O d5 9. d3 Be6 {[%emt 0:00:27] C86: Closed Ruy Lopez: Worrall Attack.} 10. Nbd2 h6 11. Re1 Re8 {[%emt 0:01:22] The position is equal.} 12. exd5 Nxd5 13. Ne4 Bf8 14. Ng3 Qd7 15. Nh5 {[%emt 0:07:12][%cal Oc1h6] [#]} Rad8 $146 ({Predecessor:} 15... Bf5 16. Bxh6 Bg6 17. Ng5 Nf4 18. Nxf4 exf4 19. Ne4 Bxe4 20. dxe4 gxh6 21. Rad1 Bd6 22. Qh5 Ne5 23. g3 fxg3 24. f4 Nc4 25. Bxc4 bxc4 26. hxg3 Qc6 {0-1 (26) Ottenburg,R (2065)-Simmelink,J (2241) IECG email 2001}) 16. h3 Bf5 ({Black should play} 16... f6 $15) 17. Nh4 $11 {[%emt 0:04:46] Black must now prevent Bxd5.} Bh7 {[%emt 0:13:09] [#]} (17... Nf4 $11 {remains equal.} 18. Qf3 Bxd3) 18. Bxh6 $1 $16 {[%emt 0:03:29] Hoping for Bg5.} Nf4 ({Not} 18... gxh6 19. Bxd5 Bg7 20. Nxg7 Kxg7 21. Be4 $16) (18... Na5 19. Qf3) 19. Bxf4 ({Avoid the trap} 19. Nxf4 $2 exf4 20. Qh5 gxh6 $19) 19... exf4 20. Qd2 Na5 21. Rxe8 (21. Nxf4 {is more complex.} Rxe1+ 22. Rxe1 Bxd3 23. Nf3) 21... Qxe8 22. Nxf4 Nxb3 23. axb3 g5 {[%emt 0:01:06][%csl LRf4,LRh4] [#]} 24. Re1 (24. Nh5 $142 $1 Qe7 25. Nf3 (25. Rxa6 $2 Rxd3 26. Qc1 gxh4 $19)) 24... Qc6 {[%emt 0:00:15] This move loses the game for Black.} (24... Qd7 $2 {[#]} 25. Nh5 $1 Be7 26. Nf3 $18) (24... Be7 $16) 25. Ne6 $1 $18 Rd5 (25... Re8 {was called for.}) 26. Nxf8 Kxf8 27. Nf3 Qf6 28. d4 Rf5 29. Re5 g4 30. hxg4 {[%emt 0:00:26] White is clearly winning.} Rxe5 31. dxe5 {[%emt 0:00:25][%mdl 4096] Endgame KQB-KQN} Qg6 32. Ng5 Bg8 33. b4 {[%emt 0:01:22] Qd8+ is the strong threat.} Kg7 34. Qf4 Qb1+ 35. Kh2 {[%emt 0:00:02] White threatens Qf6+ and mate.} Qg6 {[%emt 0:00:09] Prevents Qf6+.} 36. Kg3 Qd3+ 37. f3 Qd5 38. Ne4 Qd1 39. Qg5+ Kf8 40. Nf6 {[%emt 0:00:00] Weighted Error Value: White=0.22 (precise) /Black=0.44} 1-0

[Event "Mongolian Championship Women 2022"]
[Site "Chingis Khentii"]
[Date "2022.05.22"]
[Round "10.3"]
[White "Tsetsenbileg, Munkhbayar"]
[Black "Nomindalai Tumurbaatar"]
[Result "0-1"]
[ECO "A59"]
[WhiteElo "1830"]
[BlackElo "2111"]
[Annotator "TA"]
[PlyCount "72"]
[EventDate "2022.05.12"]
[EventType "tourn"]
[EventCountry "MGL"]
[SourceTitle "playchess.com"]
[Source "ChessBase"]
[SourceQuality "1"]
[TimeControl "40/5400+30:1800+30"]

1. d4 Nf6 2. c4 c5 3. d5 b5 4. cxb5 a6 5. bxa6 g6 6. Nc3 Bxa6 7. e4 Bxf1 8. Kxf1 d6 9. g3 Bg7 10. Kg2 O-O 11. f4 Nbd7 12. Nf3 Qa5 {[%emt 0:00:27] A59: Benko/Volga Gambit: White castles by hand.} 13. Qe2 Qa6 {[%emt 0:11:23] [#] ...Qxe2+ is the strong threat.} 14. Qc2 $146 ({Predecessor:} 14. Re1 Nb6 15. h3 Qxe2+ 16. Rxe2 Rfb8 17. Rb1 Na4 18. Nd2 Nd7 19. Nd1 Rb7 20. b3 {½-½ (44) Garcia,A (2295)-Mannion,S (2355) Moscow 1994}) 14... Rfb8 {[%emt 0:02:33] The position is equal.} 15. Re1 Nb6 16. Re2 Na4 17. Nd1 Rb4 {[%emt 0:05:56] Threatens to win with ...Rc4.} 18. Re3 Rc4 19. Qe2 Ng4 20. Rd3 Rb4 {[%emt 0:04:29][%cal Oa4b2] Strongly threatening ...Nxb2!} 21. Rb1 (21. Rd2 $11) 21... c4 $1 $15 22. Ra3 {[%emt 0:13:47] Black converts the advantage convincingly.} ({Only move:} 22. Rd2 $1 $15) 22... c3 $1 $19 23. Qc2 (23. Qxa6 {might work better.} Rxa6 24. Ne1) 23... cxb2 24. Nxb2 Rc8 25. Qd2 (25. Qd3 $142 Qxd3 26. Nxd3 Rxb1 27. Rxa4) 25... Qb5 26. e5 Nxb2 27. Rxb2 $2 {[%emt 0:00:16] [#]} (27. h3 {was necessary.} Nd1 28. Rxb4 Nde3+ 29. Rxe3 Nxe3+ 30. Kf2) 27... Rxc1 $1 28. Ra8+ Bf8 29. Kh3 Nf2+ 30. Kh4 {[%emt 0:00:53] [#]} Qf1 $1 {[%emt 0:01:13] ( -> ...Qh3+)} 31. Ng5 {[%emt 0:02:03] [#] Prevents Qh3+.} (31. Qxf2 Rxb2) 31... Rxb2 $2 (31... h6 $1 $19 32. Qxf2 hxg5+ 33. Kg4 Rxb2 34. Qxf1 Rxf1 35. exd6 exd6 36. fxg5 Rxh2) 32. Qxb2 $4 {[%emt 0:00:00][%mdl 8192] [#]} (32. Qa5 $11 Rc7 33. Qxc7) 32... Qd1 $1 {[%emt 0:02:41][%csl Gg6][%cal Rd1h5] Black mates.} 33. Rxf8+ Kxf8 34. Nxh7+ Kg8 35. Nf6+ exf6 36. Qb8+ Kh7 {[%emt 0:00:06] Weighted Error Value: White=0.86/Black=0.44} 0-1

[Event "Mongolian Championship Women 2022"]
[Site "Chingis Khentii"]
[Date "2022.05.22"]
[Round "10.4"]
[White "Amin-Erdene, Bayanmunkh"]
[Black "Enkhtuul, Altan-Ulzii"]
[Result "1/2-1/2"]
[ECO "B09"]
[WhiteElo "1425"]
[BlackElo "2228"]
[Annotator "TA"]
[PlyCount "35"]
[EventDate "2022.05.12"]
[EventType "tourn"]
[EventCountry "MGL"]
[SourceTitle "playchess.com"]
[Source "ChessBase"]
[SourceQuality "1"]
[TimeControl "40/5400+30:1800+30"]

1. d4 Nf6 2. Nc3 d6 3. e4 g6 4. f4 Bg7 5. Nf3 c5 6. Bb5+ Bd7 7. e5 Ng4 8. e6 {[%emt 0:00:09] [#]} fxe6 $146 ({Predecessor:} 8... Bxb5 9. exf7+ Kxf7 10. Ng5+ Ke8 11. Ne6 Bxd4 12. Nxd8 Bf2+ 13. Kd2 Be3+ 14. Ke1 Bf2+ {½-½ (14) Shabalov,A (2585)-Akobian,V (2606) Beijing 2008}) 9. Ng5 Bxb5 10. Nxe6 Bxd4 11. Nxd8 Bf2+ 12. Kd2 Be3+ 13. Ke1 Bf2+ 14. Kd2 Be3+ 15. Ke1 Bf2+ 16. Kd2 Be3+ 17. Ke1 Bf2+ {[%emt 0:00:04] A strong pair of Bishops. B09: Pirc Defence: Austrian Attack.} 18. Kd2 {[%emt 0:00:06] An interesting draw.} 1/2-1/2

[Event "Mongolian Championship Women 2022"]
[Site "Chingis Khentii"]
[Date "2022.05.22"]
[Round "10.5"]
[White "Khulan, Enkhsaikhan"]
[Black "Anu, Bayar"]
[Result "1/2-1/2"]
[ECO "E68"]
[WhiteElo "2111"]
[BlackElo "2102"]
[Annotator "TA"]
[PlyCount "152"]
[EventDate "2022.05.12"]
[EventType "tourn"]
[EventCountry "MGL"]
[SourceTitle "playchess.com"]
[Source "ChessBase"]
[SourceQuality "1"]
[TimeControl "40/5400+30:1800+30"]

1. d4 Nf6 2. Nf3 g6 3. g3 Bg7 4. Bg2 O-O 5. O-O d6 6. c4 Nbd7 7. Nc3 e5 8. e4 exd4 9. Nxd4 Re8 10. h3 a6 11. Rb1 Rb8 12. Re1 Ne5 13. b3 c5 14. Nc2 Nc6 15. a4 {[%emt 0:01:53] Inhibits b5. E68: King's Indian: Fianchetto: 6...Nbd7 7 0-0 e5 8 e4.} Be6 16. Be3 (16. Qd2 $14) 16... Qa5 (16... Qd7 $11) 17. Bd2 {[%emt 0:04:17] White is slightly better.} Qd8 18. Kh2 h5 19. f4 {[%emt 0:04:40] [#]} Nd4 $146 ({Predecessor:} 19... Qc8 20. Rf1 Bd7 21. Be1 Nd4 22. Bf2 h4 23. gxh4 Nh5 24. Nxd4 Nxf4 25. Nde2 Nxg2 26. Kxg2 Bxh3+ {1-0 (55) Ju,W (2500)-Huang,Q (2439) China 2010}) 20. Be3 Qa5 (20... Nc6 $14) 21. Nxd4 $16 (21. Bxd4 cxd4 22. Ne2 h4 $14) 21... Qxc3 22. Nc2 (22. Rc1 $16 Bg4 23. Nf3 (23. Rxc3 Bxd1 24. Rxd1 Nxe4 $16) (23. hxg4 Nxg4+ 24. Qxg4 hxg4 $14) 23... Bxf3 24. Bxf3 (24. Rxc3 Bxd1 25. Rxd1 Nxe4 $17)) 22... h4 $11 23. g4 (23. gxh4 $5 Nh5 24. f5 $11) 23... g5 (23... b5 $11 24. Bf3 Nxe4 25. Bxe4 bxc4 26. bxc4 (26. Qxd6 $2 cxb3 27. Qd2 Bc4 $19) 26... Rxb1 27. Qxb1 Bxc4) 24. Qd2 (24. Kh1 $16) 24... Qxd2 25. Bxd2 b5 (25... Nh7 $11) 26. f5 (26. fxg5 $6 Nd7 $11) (26. e5 $16 dxe5 27. f5 (27. fxe5 Nd7 $11) (27. fxg5 Nh7 $14) (27. Rxe5 $2 bxa4 28. Rxg5 Rxb3 $19)) 26... Bd7 {[%emt 0:01:03] Hoping for ...bxc4.} 27. axb5 axb5 28. Bxg5 Bc6 ({Black should try} 28... bxc4 $14 29. bxc4 Rxb1 30. Rxb1 Nxe4 31. Bxh4 Nd2) 29. Bxh4 (29. e5 $1 $18 {[%cal Re5f6] has better winning chances.} Bxg2 30. exf6 (30. Kxg2 Rxe5 31. Rxe5 dxe5 $16)) 29... bxc4 30. bxc4 {[%emt 0:01:51][%cal Oe4e5] Strongly threatening e5!} Rxb1 31. Rxb1 {[%emt 0:00:05][%cal Oe4e5] e5! is the strong threat.} Bxe4 {[%emt 0:01:03] [#]} 32. Rc1 Bxg2 33. Kxg2 Re4 34. Ne1 Nh5 $2 35. Bf2 ({And not} 35. gxh5 Rxh4 36. Nf3 Rxh5 $11) 35... Bh6 {[%emt 0:02:59] [#]} 36. Rc2 Nf4+ (36... Nf6 $142 37. Nd3 Kh8) 37. Kf3 $18 Re8 38. h4 {[%emt 0:03:27] Black must now prevent g5.} f6 {[%emt 0:02:21] Inhibits g5.} 39. Be3 $2 (39. Rc3 $18) 39... Nd3 $1 $11 40. Ng2 Bxe3 41. Re2 $1 Ne5+ 42. Kxe3 Nxg4+ {[%emt 0:01:21][%mdl 4096] Endgame KRN-KRN} 43. Kd2 Ne5 44. Kc3 Kf7 45. Ra2 {[%emt 0:02:01] The position is equal.} Kg7 46. Nf4 Nf3 47. Ne6+ Kh6 48. Rf2 Nd4 49. Nxd4 cxd4+ ({But not} 49... Re3+ 50. Kd2 cxd4 51. Rf4 $16) 50. Kxd4 {[%emt 0:00:08] Threatens to win with Kd5. KR-KR} Re5 51. Rf1 Kh5 52. Rf4 Rc5 53. Re4 Rxf5 54. Re6 Kxh4 55. Rxd6 Rf1 56. c5 Kg5 57. Rd5+ f5 58. c6 {[%emt 0:01:43] Intending c7 and mate.} Rc1 59. Rc5 Rd1+ 60. Ke5 {[%emt 0:00:19] Threatening mate with c7.} Rd8 $1 61. c7 Rc8 62. Rc6 f4 63. Ke4 Re8+ 64. Kf3 Rc8 65. Ke4 Re8+ 66. Kd4 Rc8 $1 67. Ke4 Re8+ 68. Kd5 Rc8 69. Ke6 f3 70. Kd7 Rxc7+ 71. Rxc7 {[%emt 0:00:48] KR-KP} f2 72. Rc1 {[%emt 0:00:04] White wants to mate with Rf1.} Kg4 73. Ke6 Kg3 74. Ke5 Kg2 75. Ke4 f1=Q 76. Rxf1 Kxf1 {[%emt 0:00:04] Black escapes into a draw.  Weighted Error Value: White=0.28 (precise) /Black=0.29 (precise)} 1/2-1/2

[Event "Mongolian Championship Women 2022"]
[Site "Chingis Khentii"]
[Date "2022.05.22"]
[Round "10.6"]
[White "Munkhzul, Turmunkh"]
[Black "Bayarmaa, Bayarjargal"]
[Result "1/2-1/2"]
[ECO "B51"]
[WhiteElo "2294"]
[BlackElo "2124"]
[Annotator "TA"]
[PlyCount "178"]
[EventDate "2022.05.12"]
[EventType "tourn"]
[EventCountry "MGL"]
[SourceTitle "playchess.com"]
[Source "ChessBase"]
[SourceQuality "1"]
[TimeControl "40/5400+30:1800+30"]

1. e4 c5 2. Nf3 d6 3. Bb5+ Nd7 4. d4 cxd4 5. Qxd4 a6 6. Bxd7+ Qxd7 {[%emt 0:00:29] B51: Sicilian: Moscow Variation (3 Bb5+) without 3...Bd7.} 7. c4 e5 8. Qd3 Nf6 9. Nc3 Be7 10. Bg5 O-O 11. Rd1 {[%emt 0:02:43][%cal Of3e5] [#]} b5 $146 ({Predecessor:} 11... Rd8 12. Bxf6 Bxf6 13. Nd5 Qg4 14. c5 Kh8 15. Ne3 Qe6 16. b3 Rd7 17. cxd6 Be7 {1-0 (28) Prendes Veiga,L-Garcia Fernandez,J (2125) Asturias 1998}) 12. c5 b4 13. cxd6 (13. Bxf6 gxf6 14. Nd5 (14. cxd6 bxc3 15. dxe7 Qxe7)) (13. Bxf6 $5 gxf6 14. Nd5 (14. cxd6 bxc3 15. dxe7 Qxe7 $14) 14... dxc5 15. Nh4 $14) 13... Qxd6 14. Bxf6 ({White should try} 14. Qxd6 $14 Bxd6 15. Bxf6 (15. Rxd6 bxc3 16. Bxf6 cxb2 $15) 15... bxc3 {[#]} 16. bxc3 $1 (16. Rxd6 cxb2 17. Rb6 gxf6 $15)) 14... Qxf6 15. Nd5 Qd6 16. Nd2 Bd8 17. Nc4 $36 {[%emt 0:01:03][%mdl 2048] White has the initiative. Pair of Knights!} Qb8 18. O-O a5 19. Rc1 (19. Qg3 {feels hotter.} f6 20. Rc1 Be6 21. Rfd1) 19... Be6 20. Nce3 Qa7 21. Rfd1 Rc8 (21... Bg5) 22. Rxc8 Bxc8 {[%emt 0:01:36] [#]} 23. Nxb4 $1 axb4 24. Qxd8 Qxa2 25. Qe7 {[%emt 0:00:26][%csl LRb4,LRe5] White threatens Rd8 and mate.} Qa5 {[%emt 0:01:51] Inhibits Rd8.} (25... Qxb2 26. Rd8 Qc1+ 27. Nf1 h6 28. Rxf8+ Kh7 29. Qxf7 Qf4 30. Qg8+ Kg6 31. Rxf4) (25... Qxb2 26. Rd8 Qc1+ 27. Nf1 h6 28. Rxf8+ Kh7 29. Qxf7 Qf4 30. Qg8+ Kg6 31. Rxf4) 26. Nd5 Qa4 27. Rc1 {[%emt 0:01:14][%cal Oe7f8] Hoping for Qxf8+! 0x0.001a28185118dp-1022s more active pieces.} Be6 28. Qxb4 ({Resist} 28. Nxb4 Qb3 $14) 28... Ra8 29. Qxa4 (29. f3 $16) 29... Rxa4 $16 {[%emt 0:00:14][%mdl 4096] Endgame KRB-KRN} 30. Nc3 Rb4 31. Rd1 g6 32. Rd2 f5 33. exf5 gxf5 34. f3 (34. Re2) (34. Re2 $14) 34... Kf7 $11 35. Kf2 h5 36. Ne2 Kf6 37. Nc3 Kg5 38. Nd1 Bb3 39. Ne3 h4 40. Re2 Rb5 41. Re1 f4 42. Nf1 (42. Ng4 $5 Kf5 43. Kg1 $11) 42... Bc4 43. b4 Bd3 44. Rd1 Bf5 45. Re1 Kf6 46. h3 Rxb4 47. Nh2 Rb2+ 48. Kg1 Rb5 49. Ng4+ Ke6 50. Kh2 Bxg4 51. hxg4 {[%emt 0:00:10] KR-KR} Kf6 52. Kh3 Kg5 53. Re4 Rc5 54. Kh2 Rb5 55. Rc4 Rb2 56. Rc5 Re2 57. Ra5 Re1 58. Ra8 Re2 59. Re8 Re1 60. Rg8+ Kf6 61. Rh8 Kg5 62. Rh5+ Kg6 $1 63. Rxh4 e4 64. Rh5 {[%emt 0:04:24] Threatens to win with Rf5.} e3 65. Re5 Rf1 66. Re4 Kg5 67. Re6 Rf2 68. Kg1 Rb2 69. Re5+ Kg6 70. Re4 Rb1+ 71. Kh2 {[%emt 0:00:04] aiming for g3.} Rf1 $1 {[%emt 0:00:10] The position is equal.} 72. Re8 Kg5 73. Re6 Rf2 74. Kg1 Rb2 75. g3 fxg3 {[%emt 0:00:41] ( -> ...e2)} 76. Re5+ Kf6 77. Rxe3 Rf2 78. Ra3 Kg6 79. Ra6+ Kg7 80. Ra7+ Kg6 81. Ra3 Kf6 82. Ra8 Kg7 83. Ra3 Kf6 84. Re3 Kg6 85. Re6+ Kf7 86. Re3 Kg6 87. Re6+ Kf7 88. Re3 Kg6 89. Re6+ Kf7 {[%emt 0:00:04] Weighted Error Value: White=0.08 (flawless) /Black=0.06 (flawless)} 1/2-1/2

[Event "Mongolian Championship Women 2022"]
[Site "Chingis Khentii"]
[Date "2022.05.23"]
[Round "11.1"]
[White "Nomindalai Tumurbaatar"]
[Black "Mungunzul, Bat-Erdene"]
[Result "1/2-1/2"]
[ECO "C54"]
[WhiteElo "2111"]
[BlackElo "2091"]
[Annotator "TA"]
[PlyCount "28"]
[EventDate "2022.05.12"]
[EventType "tourn"]
[EventCountry "MGL"]
[SourceTitle "playchess.com"]
[Source "ChessBase"]
[SourceQuality "1"]
[TimeControl "40/5400+30:1800+30"]

1. e4 {[%emt 0:00:09] Fernandez,D} e5 2. Nf3 Nc6 3. Bc4 Bc5 4. c3 Nf6 5. d4 exd4 6. cxd4 Bb4+ 7. Bd2 Bxd2+ 8. Nbxd2 d5 9. exd5 Nxd5 10. Qb3 Na5 11. Qa4+ Nc6 12. Qb3 Na5 13. Qa4+ Nc6 14. Qb3 {[%emt 0:00:43] [#]} Na5 $146 ({Predecessor:} 14... Nce7 15. O-O O-O 16. Rfe1 c6 17. Ne4 Nb6 18. Bd3 Ned5 19. Nc5 Nf6 20. Rac1 Rb8 21. Qa3 a6 22. Qb3 Qc7 23. Ne4 Nfd5 24. Nc3 Qd6 25. Be4 {½-½ (36) Jones,G (2640)-Karjakin,S (2753) Wijk aan Zee 2018 CBM 183 [Fernandez,D]}) 1/2-1/2

[Event "Mongolian Championship Women 2022"]
[Site "Chingis Khentii"]
[Date "2022.05.23"]
[Round "11.2"]
[White "Altantuya, Boldbaatar"]
[Black "Amin-Erdene, Bayanmunkh"]
[Result "1/2-1/2"]
[ECO "A48"]
[WhiteElo "2263"]
[BlackElo "1425"]
[Annotator "TA"]
[PlyCount "160"]
[EventDate "2022.05.12"]
[EventType "tourn"]
[EventCountry "MGL"]
[SourceTitle "playchess.com"]
[Source "ChessBase"]
[SourceQuality "1"]
[TimeControl "40/5400+30:1800+30"]

1. Nf3 Nf6 2. b3 g6 3. Bb2 Bg7 4. e3 O-O 5. Be2 d6 6. d4 c6 7. O-O {[%emt 0:00:54] A48: 1 d4 Nf6 2 Nf3 g6: Torre, London and Colle Systems.} Qc7 8. Nbd2 Nbd7 9. c4 c5 10. Qc2 {[%emt 0:04:22] [#]} Re8 $146 ({Predecessor:} 10... cxd4 11. Nxd4 a6 12. Rac1 b6 13. Bf3 Bb7 14. Ne2 Rac8 15. Qb1 Bxf3 16. Nxf3 Qb7 {½-½ (22) Breidenbach,R (1928)-Zelt,J (2004) Germany 2015}) 11. Rad1 cxd4 12. Nxd4 a6 13. b4 b6 14. Qb3 Bb7 15. Rc1 Rac8 16. Rfd1 Ne5 17. f3 Qb8 18. e4 Nc6 (18... Bh6 $11) 19. Nxc6 Bxc6 20. Bd4 Nd7 21. Be3 (21. Bxg7 {should be considered.} Kxg7 22. c5) 21... Bb7 (21... a5 $11) 22. Nb1 $14 a5 23. a3 Bc6 24. Nc3 Qa7 25. Nd5 axb4 26. Qxb4 (26. axb4 $142 Ra8 27. Qd3) 26... Bxd5 ({Black should play} 26... Rb8 $11) 27. cxd5 (27. exd5 Ra8 $15) 27... Rxc1 28. Rxc1 Ra8 29. a4 $1 {[%emt 0:02:11] 0x0.00125f7a080ddp-1022s more active pieces.} Nc5 30. Bb5 Qa5 31. Qxa5 ({But not} 31. Bxc5 bxc5 32. Qxa5 Rxa5 $11) 31... Rxa5 32. Rc4 h5 33. Bd2 Ra7 34. Rb4 Bf6 35. Kf1 Kg7 36. Ke2 e6 37. Bc6 Bd8 38. Be3 Ra5 39. e5 exd5 (39... dxe5 $14 40. d6 f5) 40. exd6 $16 Kf6 (40... Ne6 $16 41. Kd3 (41. Bxb6 Bxb6 42. Rxb6 Nd4+ 43. Kd3 Nxc6 $16) 41... d4) 41. Bxd5 $18 {[%emt 0:03:43] Bd4+ is the strong threat.} Kg7 42. Bd4+ {[%emt 0:02:09] This bishop pair is nice.} f6 43. Bc6 Kf7 44. Rb5 Rxb5 45. axb5 $16 {[%emt 0:03:30][%mdl 4096] Endgame KBB-KBN} Ke6 46. Be8 g5 47. Bxh5 Kxd6 48. g3 Kd5 49. Bf2 Kc4 50. Be8 Na4 $2 (50... f5 $16 51. h4 f4 52. Bf7+ (52. h5 Nd3 $16) 52... Kxb5) 51. h4 $18 gxh4 52. gxh4 Nc3+ 53. Kd2 Nxb5 (53... Be7 $142 54. Bf7+ Kb4) 54. Bxb5+ Kxb5 {[%emt 0:00:01] KB-KB} 55. Kd3 f5 56. f4 $2 ({Better is} 56. Be1 $18 {White threatens h5 and mate.} Bf6 57. h5) 56... Be7 $11 57. h5 Bf8 58. Bh4 {[%emt 0:00:00] [#] Threatens to win with Kd4.} Kc5 59. Bg5 {[%emt 0:00:00] Intending h6 and mate.} Kd5 60. h6 Ke6 $1 61. Kc4 Kf7 62. Kb5 Bc5 63. Bd8 Kg6 64. Bxb6 Bd6 65. Be3 Kxh6 66. Kc6 Bb8 67. Kb7 Bd6 68. Kc6 Bf8 69. Kd5 Kh5 70. Kd4 Kg4 71. Kd3 Kf3 72. Bb6 Bd6 73. Kd2 Bxf4+ 74. Ke1 Kg2 75. Ke2 Bg5 {[%emt 0:01:42] next ...f4 is good for Black.} (75... Bd6 $5) 76. Bc7 Bh4 {[%emt 0:00:04] [#] ( -> ...Bg3)} 77. Bf4 Bg3 78. Bg5 Be5 79. Bh6 f4 80. Bxf4 $1 Bxf4 {[%emt 0:00:02] Black defended with fortune.  Weighted Error Value: White=0.20 (precise) /Black=0.20 (precise)} 1/2-1/2

[Event "Mongolian Championship Women 2022"]
[Site "Chingis Khentii"]
[Date "2022.05.23"]
[Round "11.3"]
[White "Bayarmaa, Bayarjargal"]
[Black "Tsetsenbileg, Munkhbayar"]
[Result "1-0"]
[ECO "A91"]
[WhiteElo "2124"]
[BlackElo "1830"]
[Annotator "TA"]
[PlyCount "105"]
[EventDate "2022.05.12"]
[EventType "tourn"]
[EventCountry "MGL"]
[SourceTitle "playchess.com"]
[Source "ChessBase"]
[SourceQuality "1"]
[TimeControl "40/5400+30:1800+30"]

1. d4 f5 2. g3 Nf6 3. Bg2 e6 4. Nh3 d5 5. b3 c6 6. O-O Be7 7. c4 O-O 8. Ba3 Bxa3 {[%emt 0:00:13] A91: Classical Dutch: Early Deviations.} 9. Nxa3 Qe7 10. Nc2 dxc4 {[%emt 0:08:07] The position is equal.} 11. bxc4 e5 {[%emt 0:00:01] [#]} 12. e3 $146 ({Predecessor:} 12. dxe5 Qxe5 13. Nf4 Nbd7 14. Rb1 Nc5 15. Nd3 Qe7 16. Nxc5 Qxc5 17. Qd4 Qe7 18. Ne3 {1-0 (38) Chatalbashev,B (2524)-Sansonetti,G (2194) Castellaneta 1999}) 12... Nbd7 13. a4 Rd8 14. Qb1 Nb6 15. c5 {[%emt 0:02:20] [#] aiming for dxe5.} Nbd5 16. Re1 (16. dxe5 $14 Qxe5 17. Bxd5+ Qxd5 18. Rd1 Qxd1+ 19. Qxd1 Rxd1+ 20. Rxd1) 16... h6 (16... e4 $11) 17. Qb2 Re8 18. Rab1 Rb8 (18... e4 $11 {remains equal.}) 19. Qa1 ({White should play} 19. dxe5 $16 Qxe5 20. Nf4) 19... b6 (19... e4 $11) 20. dxe5 $14 Qxe5 21. Qxe5 Rxe5 22. Nd4 Bd7 23. Rec1 (23. cxb6 $14 Rxb6 24. Nf4) 23... Rc8 (23... g5 $11) 24. cxb6 $16 axb6 25. Nf4 Nxf4 26. gxf4 Rc5 27. Rxc5 bxc5 28. Ne2 {[%emt 0:00:03] White is more active.} (28. Nf3 $16) 28... Nd5 (28... Ra8 $11) 29. Rc1 Ra8 30. Rxc5 Rxa4 31. Bxd5+ cxd5 {[%emt 0:00:04][%mdl 4096] Endgame KRB-KRN} 32. Nd4 ({But not} 32. Rxd5 $2 Ra1+ 33. Kg2 Bc6 $19) 32... Rc4 33. Rxd5 Bc8 {[#] ...Rc1+ is the strong threat.} 34. f3 ({And not} 34. Nxf5 Rc1+ 35. Kg2 Bb7 $11) 34... g6 35. Rd6 Kf7 (35... Kg7 $16 {was necessary.} 36. Nc6 g5) 36. Kf2 (36. Nc6 $18 {and White stays clearly on top. Strongly threatening Ne5+.} Rc1+ 37. Kf2) 36... Rb4 $2 {[%emt 0:01:28] This costs Black the game.} (36... Ra4 $16 {might work better.} 37. Nc6 Ra2+ 38. Kg3 Ra6) 37. Nc6 $18 Rb2+ 38. Kg3 Re2 39. Ne5+ Ke7 40. Rc6 Kd8 (40... Be6 {is a better defense.} 41. Nxg6+ Kf7 42. Ne5+ Kf6) 41. Rc3 Be6 42. Nxg6 Ke8 43. Ne5 Ke7 $2 (43... Bd5 {was called for.} 44. Rc8+ Ke7 45. Rc7+ Ke6) 44. Nc6+ Kd7 45. Nd4 Re1 46. Ra3 Rg1+ 47. Kf2 Rg6 48. Ra7+ Ke8 49. Ra6 Kf7 50. Rxe6 {[%emt 0:00:00] White mates.} Rxe6 51. Nxe6 Kxe6 52. e4 fxe4 53. fxe4 {[%emt 0:40:00] Weighted Error Value: White=0.23 (precise) /Black=0.44} 1-0